 Dungeon Crawl Stone Soup version 0.25.1-2-g60ff931 (webtiles) character file.

Game seed: 5177352399495480097

33020 Atlas the Eclecticist (level 13, -10/91 HPs)
             Began as a Mummy Ice Elementalist on Sept 8, 2020.
             Was a High Priest of Vehumet.
             Engulfed by a cloud of freezing vapour (19 damage)
             ... in an ice cave.
             The game lasted 00:39:15 (21786 turns).

Atlas the Eclecticist (Mummy Ice Elementalist)     Turns: 21786, Time: 00:39:15

Health: -10/91     AC: 15    Str: 12    XL:     13   Next: 34%
Magic:  8/32       EV: 18    Int: 18    God:    Vehumet [*****.]
Gold:   2436       SH:  6    Dex: 13    Spells: 22/42 levels left

rFire    x . .     SeeInvis .   s - +0 rapier (speed)
rCold    + . .     Gourm    .   m - +1 buckler {AC+3}
rNeg     + + +     Faith    +   r - +0 steam dragon scales
rPois    ∞         Spirit   .   i - +1 helmet
rElec    .         Reflect  .   j - +0 cloak
rCorr    .         Harm     .   (no gloves)
MR       +....                  (no boots)
Stlth    +.........             y - amulet of faith
HPRegen  0.25/turn              h - +4 ring of evasion
MPRegen  0.23/turn              z - +4 ring of protection

@: very slow
A: no food or potions, fire vulnerability, cold resistance 1, negative energy
resistance 3, torment resistance, unbreathing, in touch with death 1
a: Renounce Religion


You were in an ice cave.
You worshipped Vehumet.
Vehumet was extremely pleased with you.
You were not hungry.

You visited 2 branches of the dungeon, and saw 15 of its levels.
You also visited: Ice Cave.

You collected 3233 gold pieces.
You spent 797 gold pieces at shops.

Inventory:

Hand Weapons
 s - a +0 rapier of speed (weapon)
Armour
 i - a +1 helmet (worn)
 j - a +0 cloak (worn)
 l - a +1 robe of magic resistance
 m - a +1 buckler of protection (worn)
 r - +0 steam dragon scales (worn)
Jewellery
 h - a +4 ring of evasion (left hand)
 k - an uncursed ring of fire
 y - an amulet of faith (around neck)
 z - a +4 ring of protection (right hand)
Wands
 q - a wand of random effects (27)
 u - a wand of flame (14)
 w - a wand of enslavement (10)
 x - a wand of paralysis (11)
Scrolls
 a - 2 scrolls of enchant armour
 b - a scroll of fear
 c - a scroll of amnesia
 d - 10 scrolls of teleportation
 e - 2 scrolls of fog
 f - 3 scrolls of enchant weapon
 g - 5 scrolls of magic mapping
 n - 5 scrolls of remove curse
 p - a scroll of immolation
 t - 2 scrolls of identify
Miscellaneous
 v - a box of beasts


   Skills:
 + Level 5.1 Fighting
 + Level 7.2 Short Blades
 + Level 2.5 Armour
 + Level 5.2 Dodging
 + Level 3.7 Stealth
 + Level 3.3 Shields
 + Level 0.5 Unarmed Combat
 + Level 15.2 Spellcasting
 + Level 1.2 Charms
 + Level 2.9 Summonings
 + Level 11.0 Ice Magic
 + Level 0.8 Poison Magic
 + Level 0.6 Evocations


You had 22 spell levels left.
You knew the following spells:

 Your Spells              Type           Power        Failure   Level  Hunger
a - Freeze                Ice            ####         1%          1    N/A
b - Frozen Ramparts       Ice            ######       1%          3    N/A
c - Ozocubu's Armour      Chrm/Ice       #####...     1%          3    N/A
d - Summon Ice Beast      Ice/Summ       #####...     2%          4    N/A
e - Ozocubu's Refrigerat  Ice            ######....   2%          6    N/A
f - Mephitic Cloud        Conj/Pois/Air  ##......     3%          3    N/A

Your spell library contained the following spells:

 Spells                   Type           Power        Failure   Level  Hunger
 Irradiate                Conj/Tmut      ##........   32%         5    N/A
 Magic Dart               Conj           ##..         1%          1    N/A
 Hailstorm                Conj/Ice       ####....     1%          4    N/A
 Call Imp                 Summ           ###.....     2%          2    N/A
 Conjure Flame            Conj/Fire      ##......     4%          3    N/A
 Blink                    Tloc           N/A          8%          2    N/A
 Slow                     Hex            ##......     8%          2    N/A
 Sticks to Snakes         Tmut           ##......     8%          2    N/A
 Beastly Appendage        Tmut           Unusable     N/A         1    N/A
 Ice Form                 Ice/Tmut       Unusable     N/A         4    N/A
 Spider Form              Tmut/Pois      Unusable     N/A         3    N/A
 Blade Hands              Tmut           Unusable     N/A         5    N/A

Dungeon Overview and Level Annotations

Branches:
Dungeon (15/15)            Temple (1/1) D:6            Lair (0/6) D:10
    Orc (0/2) D:9           IceCv (1/1)
 Vaults: D:13-14     Depths: D:15

Altars:
Ashenzari
Cheibriados
Dithmenos
Fedhas
Hepliaklqana
Kikubaaqudgha
Makhleb
Nemelex Xobeh
Okawaru
Ru
Trog
Uskayaw
Vehumet
Wu Jian
Xom
Yredelemnul
The Shining One

Shops:
D:4 ?   D:5 [   D:12 (

Annotations:
D:5 2 runed translucent doors, coolio's ghost, novice DsFi


Innate Abilities, Weirdness & Mutations

You do not eat or drink.
Your flesh is vulnerable to fire.
You are immune to poison.
Your flesh is cold resistant. (rC+)
You are immune to negative energy. (rN+++)
You are immune to unholy pain and torment.
You can survive without breathing.
You are in touch with the powers of death.


Message History

The frost giant gestures at you while chanting.
The bolt of cold misses you.
Your ice beast hits the frost giant but does no damage.
Really walk into that cloud of freezing vapour?
You swap places.
You are engulfed in freezing vapours.
You resist.
Your ice beast hits the frost giant but does no damage.
The frost giant hits your ice beast with a +2 battleaxe of freezing!!!
Your ice beast dies!
The frost giant hits your ice beast with a +2 battleaxe of freezing.
Your ice beast hits the frost giant but does no damage.
Your ice beast barely misses the frost giant.
Found an ice covered gate leading back out of this place.
Really walk into that cloud of freezing vapour?
You are engulfed in freezing vapours.
You resist.
* * * LOW HITPOINT WARNING * * *
Your ice beast hits the frost giant but does no damage.
You enter the shallow water.
Moving in this stuff is going to be slow.
You are engulfed in freezing vapours.
You resist.
You die...

##.....##.#
#...#..#.#
##Y.###..#
#..## ##.##
#.## #Y.#
#.## #°C##
##°# ##..#
##.# ##°#
#..# #@§#
#≈## #☼☼#
#.## #○##
##.### #☼#
#.#.## ###
#....#
##.#.## ≈≈≈#
#.###.# ≈≈≈≈≈
#..##.##≈≈#≈#


There were no monsters in sight!

Vanquished Creatures
  Snorg (D:10)
  An ettin (D:15)
  An ogre mage (D:15)
  A hydra (D:6)
  3 two-headed ogres
  A tengu warrior (D:15)
  Nergalle (D:10)
  2 skeletal warriors (D:11)
  2 unseen horrors
  A deep elf archer (D:15)
  Pikel (D:4)
  2 cyclopes
  An ugly thing (D:8)
  A manticore (D:12)
  Maurice (D:12)
  Psyche (D:8)
  Joseph (D:7)
  A kobold demonologist (D:12)
  2 komodo dragons
  A yaktaur (shapeshifter) (D:15)
  2 trolls
  14 polar bears
  2 hippogriffs
  A shadow (D:15)
  A vampire (D:12)
  21 yaks
  A hungry ghost (D:10)
  A sky beast (D:7)
  3 ice beasts
  2 phantoms
  A hornet zombie (D:14)
  An eye of draining (D:9)
  7 orc warriors
  3 slaves (D:4)
  6 ogres
  10 wolves
  10 centaurs
  A crocodile (D:9)
  3 big kobolds
  Blork the orc (D:5)
  11 bullfrogs
  2 wyvern skeletons
  2 scorpions
  A water moccasin skeleton (D:9)
  27 killer bees
  14 wights
  11 howler monkeys
  7 crimson imps
  A jelly (D:9)
  A bullfrog zombie (D:6)
  A centaur zombie (D:7)
  8 hounds
  A gnoll shaman (D:9)
  10 orc priests
  19 orc wizards
  4 centaur skeletons
  3 iguanas
  9 worker ants
  A killer bee zombie (D:8)
  2 nameless horrors
  A hound zombie (D:8)
  2 hound skeletons (D:5)
  A howler monkey zombie (D:9)
  12 gnolls
  12 adders
  2 shadow imps
  An ooze (D:3)
  An adder skeleton (D:5)
  An adder zombie (D:7)
  2 dart slugs
  7 leopard geckos
  69 orcs
  6 giant cockroaches
  9 goblins
  8 hobgoblins
  8 jackals
  4 quokkas
  2 ball pythons
  11 bats
  6 frilled lizards
  15 kobolds
  A leopard gecko skeleton (D:6)
  A quokka skeleton (D:5)
  10 rats
444 creatures vanquished.

Vanquished Creatures (collateral kills)
  Gastronok (D:9)
  An ice dragon (D:14)
  A hydra (D:6)
  A death yak (IceCv)
  Urug (D:10)
  A skeletal warrior (D:11)
  2 ugly things (D:12)
  2 cyclopes
  Maggie (D:7)
  2 polar bears (IceCv)
  A hippogriff (D:7)
  An orc warrior (D:10)
  A wolf (IceCv)
  An orc (D:7)
17 creatures vanquished.

Vanquished Creatures (others)
  4 polar bears (IceCv)
  3 yaks (IceCv)
  A howler monkey skeleton (D:4)
  An orc (D:7)
9 creatures vanquished.

Grand Total: 470 creatures vanquished

Notes
Turn   | Place    | Note
-------+----------+-------------------------------------------
     0 | D:1      | Atlas the Mummy Ice Elementalist began the quest for the
                  | Orb.
     0 | D:1      | Reached XP level 1. HP: 13/13 MP: 4/4
   413 | D:1      | Reached XP level 2. HP: 19/19 MP: 3/5
   424 | D:1      | Reached skill level 3 in Spellcasting
  1293 | D:1      | Reached XP level 3. HP: 24/24 MP: 2/7
  1298 | D:1      | Learned a level 3 spell: Frozen Ramparts
  1302 | D:1      | Learned a level 3 spell: Ozocubu's Armour
  1646 | D:2      | Found a faded altar of an unknown god.
  1646 | D:2      | Found a faded altar of an unknown god.
  1654 | D:2      | Found a sparkling altar of Nemelex Xobeh.
  1659 | D:2      | Found a hide-covered altar of Uskayaw.
  1661 | D:2      | Found a basalt altar of Yredelemnul.
  2418 | D:2      | Reached XP level 4. HP: 28/30 MP: 4/9
  2746 | D:3      | Reached skill level 4 in Spellcasting
  3681 | D:4      | Noticed an orc warrior
  3721 | D:4      | Reached skill level 5 in Spellcasting
  3721 | D:4      | Reached XP level 5. HP: 22/35 MP: 8/12
  3832 | D:4      | Found Wimuhoha's Magic Scroll Shop.
  3877 | D:4      | Reached skill level 6 in Spellcasting
  4006 | D:4      | Noticed a slave
  4008 | D:4      | Noticed a slave
  4009 | D:4      | Noticed a slave
  4022 | D:4      | Killed a slave
  4024 | D:4      | Killed a slave
  4026 | D:4      | Killed a slave
  4105 | D:4      | Bought a scroll of magic mapping for 38 gold pieces
  4105 | D:4      | Bought a scroll of identify for 22 gold pieces
  4118 | D:4      | Reached XP level 6. HP: 41/41 MP: 10/15
  4167 | D:4      | Noticed a slave
  4173 | D:4      | Noticed Pikel
  4189 | D:4      | Killed Pikel
  4189 | D:4      | Reached skill level 1 in Armour
  4189 | D:4      | Reached skill level 7 in Spellcasting
  4189 | D:4      | Reached skill level 5 in Ice Magic
  4189 | D:4      | Reached XP level 7. HP: 24/47 MP: 10/18
  5125 | D:5      | Entered Level 5 of the Dungeon
  5167 | D:5      | Reached skill level 8 in Spellcasting
  5167 | D:5      | Reached XP level 8. HP: 52/53 MP: 14/20
  5182 | D:5      | Found Muym's Antique Armour Boutique.
  5187 | D:5      | Bought a runed buckler for 165 gold pieces
  5258 | D:5      | Noticed Blork the orc
  5267 | D:5      | Killed Blork the orc
  5366 | D:5      | Found an ancient bone altar of Kikubaaqudgha.
  5369 | D:5      | Found a hazy altar of Hepliaklqana.
  5372 | D:5      | Found a burning altar of Makhleb.
  5375 | D:5      | Found an iron altar of Okawaru.
  5426 | D:5      | Reached skill level 1 in Fighting
  5749 | D:5      | Found a large runed translucent door.
  5755 | D:5      | Noticed coolio's ghost (novice DsFi)
  5756 | D:5      | Found a large runed translucent door.
  6115 | D:5      | Found a bloodstained altar of Trog.
  6515 | D:6      | Reached skill level 1 in Short Blades
  7067 | D:6      | Reached skill level 9 in Spellcasting
  7090 | D:6      | Learned a level 4 spell: Summon Ice Beast
  7303 | D:6      | Reached XP level 9. HP: 27/61 MP: 5/22
  7521 | D:6      | Found a staircase to the Ecumenical Temple.
  7534 | Temple   | Entered the Ecumenical Temple
  7597 | Temple   | Became a worshipper of Vehumet
  7734 | D:7      | Reached skill level 1 in Shields
  7958 | D:7      | Found a snail-covered altar of Cheibriados.
  8166 | D:6      | Noticed a cyclops
  8167 | D:6      | Noticed a seven-headed hydra
  8184 | D:6      | Reached * piety under Vehumet
  8184 | D:6      | Offered knowledge of Shock by Vehumet.
  8184 | D:6      | Reached skill level 10 in Spellcasting
  8215 | D:6      | Killed a seven-headed hydra
  8763 | D:6      | Killed a cyclops
  9031 | D:6      | Noticed a five-headed hydra
  9054 | D:6      | Killed a five-headed hydra
  9054 | D:6      | Reached skill level 11 in Spellcasting
  9054 | D:6      | Reached XP level 10. HP: 68/68 MP: 15/25
  9231 | D:7      | Noticed Maggie
  9234 | D:7      | Reached skill level 1 in Summonings
  9247 | D:7      | Killed Maggie
  9367 | D:7      | Noticed Joseph
  9384 | D:7      | Killed Joseph
  9693 | D:8      | Offered knowledge of Magic Dart by Vehumet.
  9778 | D:8      | Reached ** piety under Vehumet
 10455 | D:8      | Noticed a red ugly thing
 10457 | D:8      | Noticed Psyche
 10465 | D:8      | Killed a red ugly thing
 10468 | D:8      | Killed Psyche
 11059 | D:4      | Bought a scroll of acquirement for 572 gold pieces
 11060 | D:4      | Acquired 1820 gold pieces
 11232 | D:9      | Offered knowledge of Static Discharge by Vehumet.
 11479 | D:9      | Noticed a two-headed ogre
 11482 | D:9      | Noticed a cyclops
 11530 | D:9      | Reached *** piety under Vehumet
 11549 | D:9      | Noticed Gastronok
 11563 | D:9      | Killed Gastronok
 11563 | D:9      | Reached skill level 12 in Spellcasting
 11563 | D:9      | Reached XP level 11. HP: 73/75 MP: 11/27
 11656 | D:9      | Killed a two-headed ogre
 11787 | D:9      | Offered knowledge of Ignite Poison by Vehumet.
 12108 | D:9      | Reached **** piety under Vehumet
 12386 | D:9      | Found a staircase to the Orcish Mines.
 12447 | D:10     | Entered Level 10 of the Dungeon
 12463 | D:10     | Offered knowledge of Sticky Flame by Vehumet.
 12917 | D:10     | Reached skill level 5 in Short Blades
 12937 | D:10     | Noticed Urug
 13300 | D:10     | Killed Urug
 13447 | D:10     | Found a staircase to the Lair.
 13683 | D:10     | Noticed Nergalle
 13702 | D:10     | Killed Nergalle
 13851 | D:10     | Reached skill level 13 in Spellcasting
 13853 | D:10     | Reached ***** piety under Vehumet
 14104 | D:10     | Noticed Snorg
 14150 | D:10     | Killed Snorg
 14503 | D:11     | Killed an unseen horror
 14818 | D:11     | Reached XP level 12. HP: 84/84 MP: 20/29
 15005 | D:11     | Offered knowledge of Ozocubu's Refrigeration by Vehumet.
 15013 | D:11     | Learned a level 6 spell: Ozocubu's Refrigeration
 15722 | D:12     | Found Yhiasai's Weapon Emporium.
 15766 | D:12     | Learned a level 3 spell: Mephitic Cloud
 15789 | D:12     | Noticed a two-headed ogre
 15795 | D:12     | Killed a two-headed ogre
 16312 | D:12     | Reached skill level 14 in Spellcasting
 16665 | D:12     | Noticed Maurice
 16956 | D:11     | Reached skill level 1 in Charms
 17535 | D:12     | Killed Maurice
 17535 | D:12     | Reached skill level 10 in Ice Magic
 17720 | D:12     | You fall into a shaft and drop 3 floors!
 17720 | D:15     | Entered Level 15 of the Dungeon
 17943 | D:15     | Noticed a two-headed ogre
 17947 | D:15     | Noticed an ettin
 17949 | D:15     | Noticed an ogre mage
 17950 | D:15     | Killed a two-headed ogre
 17951 | D:15     | Noticed a tengu warrior
 17952 | D:15     | Killed an ogre mage
 17953 | D:15     | Killed an ettin
 17955 | D:15     | Killed a tengu warrior
 17958 | D:15     | Noticed a death knight
 18384 | D:14     | Gained mutation: You are in touch with the powers of death.
                  | [Mummy growth]
 18384 | D:14     | Reached XP level 13. HP: 82/90 MP: 3/31
 18468 | D:14     | Found a frozen archway.
 18486 | D:14     | Reached skill level 15 in Spellcasting
 18570 | IceCv    | Entered an ice cave
 19217 | IceCv    | Offered knowledge of Irradiate by Vehumet.
 19546 | IceCv    | Reached skill level 5 in Dodging
 19551 | IceCv    | Reached skill level 5 in Fighting
 20367 | IceCv    | Noticed a frost giant
 21786 | IceCv    | Engulfed by a cloud of freezing vapour

Illustrated notes

Levels and vault maps discovered:
D:1:      mrwooster_arrival_statue_2, layout_loops_ring, minmay_misc_feat_cross
D:2:      layout_loops_ring, chequers_temple_overflow_minitemple, first_ration
D:3:      layout_loops_corners
D:4:      layout_basic, serial_shops, nicolae_shop_crystal, st_stairs_12,
          uniq_pikel
D:5:      layout_cave_pods, grunt_temple_overflow_cloverleaf, bloody_trog,
          ebering_ghost_disaster_area, serial_shops, kennysheep_little_box,
          uniq_blork_the_orc
D:6:      minmay_klotski, layout_basic, minmay_temple_entry_proselytizer
D:7:      layout_basic, overflow_temple_1_default, uniq_joseph, uniq_maggie
D:8:      layout_basic, blue_anna_alchemist [blue_anna_fruit_fields,
          blue_anna_fruit_fields], uniq_psyche
D:9:      layout_basic, hiddenorc1_lemuel, grunt_tough_drop, uniq_gastronok
D:10:     layout_loops_corners, lair_entry_dummy, centaur_isle, uniq_nergalle,
          uniq_snorg, uniq_urug
D:11:     layout_basic
D:12:     layout_basic, serial_shops, shop, uniq_maurice
D:14:     layout_big_octagon, erik_vaults_1, nicolae_ru_the_path_less_chosen,
          portal_ice_cave_entry_animals_and_master, hangedman_decor_opposing,
          minivault_1, fedhas_altar_2, uniq_frances
D:15:     hangedman_depths_entry_civil_slaughter, layout_basic,
          elyvilon_altar_3, gammafunk_ghost_spectres
Temple:   dshaligram_water_room_temple
IceCv:    ice_cave_caverns_03

Skill      XL: |  1  2  3  4  5  6  7  8  9 10 11 12 13 |
---------------+----------------------------------------+-----
Spellcasting   | 3 5 6 7 8 9 11 12 13 14 15 | 15.2
Ice Magic      | 4 5 6 7 8 9 10 11 | 11.0
Armour         | 1 2 |  2.5
Dodging        | 2 3 4 5 |  5.2
Fighting       | 1 2 3 4 5 |  5.1
Short Blades   | 2 3 4 5 7 |  7.2
Shields        | 1 2 3 |  3.3
Stealth        | 2 3 |  3.7
Summonings     | 1 2 |  2.9
Charms         | 1 |  1.2
Unarmed Combat | |  0.5
Poison Magic   | |  0.8
Evocations     | |  0.6

Action                   |  1- 3 |  4- 6 |  7- 9 | 10-12 | 13-15 || total
-------------------------+-------+-------+-------+-------+-------++-------
Melee: Unarmed           |    19 |    20 |    12 |       |       ||    51
       Short sword       |       |       |   233 |    33 |       ||   266
       Trident           |       |       |    13 |       |       ||    13
       Rapier            |       |       |       |   656 |   168 ||   824
 Cast: Freeze            |    80 |    57 |    64 |    56 |       ||   257
       Frozen Ramparts   |       |     6 |    37 |    56 |     7 ||   106
       Ozocubu's Armour  |       |       |     4 |    10 |       ||    14
       Summon Ice Beast  |       |       |     3 |    38 |    21 ||    62
       Ozocubu's Refrige |       |       |       |    48 |    14 ||    62
       Mephitic Cloud    |       |       |       |     2 |    21 ||    23
Evoke: Wand              |       |       |       |     2 |     8 ||    10
  Use: Scroll            |       |       |     8 |     5 |     2 ||    15
 Stab: Sleeping          |     1 |       |       |     1 |       ||     2
       Distracted        |       |       |       |     1 |     2 ||     3
       Confused          |       |       |       |     1 |     8 ||     9
Armor: Robe              |    12 |     2 |    40 |    10 |       ||    64
       Leather armour    |       |    15 |    42 |       |       ||    57
       Steam dragon scal |       |       |       |   129 |    42 ||   171
Dodge: Dodged            |    62 |    53 |   197 |   357 |   170 ||   839
Block: Buckler           |       |       |    61 |   122 |    44 ||   227
